 Dungeon Crawl Stone Soup version 0.23.2-1-ga50397a (webtiles) character file.

Game seed: 14027362113115130845

951 night the Jinx (level 8, -2/54 HPs)
             Began as a Formicid Arcane Marksman on Apr 26, 2019.
             Slain by an ogre
             ... wielding a cursed -2 giant club
              (14 damage)
             ... on level 6 of the Dungeon.
             The game lasted 00:18:09 (5568 turns).

night the Jinx (Formicid Arcane Marksman)           Turns: 5568, Time: 00:18:10

Health: -2/54      AC:  7    Str: 17    XL:     8   Next: 36%
Magic:  2/14       EV: 10    Int: 13    God:
Gold:   190        SH:  0    Dex: 11    Spells: 3/16 levels left

rFire    + . .     SeeInvis +   b - +5 battleaxe (freeze)
rCold    . . .     Gourm    .   (no shield)
rNeg     . . .     Faith    .   h - +0 ring mail
rPois    .         Spirit   .   (helmet unavailable)
rElec    .         Reflect  .   (no cloak)
rCorr    .         Harm     .   i - +1 pair of gloves
MR       .....                  (no boots)
Stlth    +.........             (no amulet)
HPRegen  0.18/turn              k - ring of protection from fire
MPRegen  0.14/turn              C - ring of wizardry

@: very slightly contaminated, heavily drained
A: permanent stasis, dig shafts and tunnels, four strong arms, antennae 3
a: Dig, Shaft Self


You were on level 6 of the Dungeon.
You were near starving.

You visited 1 branch of the dungeon, and saw 6 of its levels.

You collected 190 gold pieces.

Inventory:

Hand Weapons
 a - a +0 hand crossbow
 b - a +5 battleaxe of freezing (weapon)
 j - a +0 rapier
Missiles
 d - 39 bolts
Armour
 e - a +0 robe
 h - a +0 ring mail (worn)
 i - a +1 pair of gloves (worn)
Jewellery
 k - a ring of protection from fire (left hand)
 C - a ring of wizardry (right hand)
Wands
 l - a wand of acid (4)
Scrolls
 c - 3 scrolls of remove curse
 m - 2 scrolls of identify
 n - a scroll of enchant weapon
 p - a scroll of enchant armour
Potions
 o - 2 potions of agility
 u - a potion of might {unknown}
 v - a potion of cancellation {unknown}
 w - a potion of haste {unknown}
 x - a potion of resistance {unknown}
 z - a potion of degeneration {unknown}
 A - 2 potions of lignification {unknown}
 B - a potion of magic {unknown}
 D - a potion of mutation {unknown}
Comestibles
 f - 10 rations


   Skills:
 - Level 1.5(0.2) Fighting
 + Level 0.2(0.0) Axes
 + Level 4.9(3.4) Crossbows
 - Level 1.7(0.3) Dodging
 + Level 4.5(3.0) Spellcasting
 * Level 8.3(6.6) Hexes


You had 3 spell levels left.
You knew the following spells:

 Your Spells              Type           Power        Failure   Level  Hunger
a - Corona                Hex            ###....      1%          1    #......
b - Slow                  Hex            ###.....     1%          2    ###....
c - Cause Fear            Hex            ###.......   12%         4    #####..
d - Inner Flame           Hex/Fire       ##......     13%         3    ###....
e - Portal Projectile     Hex/Tloc       ##....       13%         3    ###....

Your spell library contained the following spells:

 Spells                   Type           Power        Failure   Level  Hunger
 Leda's Liquefaction      Hex/Erth       ##........   38%         4    #####..


Dungeon Overview and Level Annotations

Branches:
Dungeon (6/15)
 Temple: D:4-7

Altars:
Gozag
Beogh

Annotations:
D:3 3 runed translucent doors, Frank's ghost, amateur OpFi


Innate Abilities, Weirdness & Mutations

You cannot be hasted, slowed, berserked, paralysed or teleported.
You can dig through walls and to a lower floor.
Your four strong arms can wield two-handed weapons with a shield.
You have a pair of large antennae on your head. (SInv)


Message History

You slash the ogre! You freeze the ogre.
The ogre is moderately wounded.
The ogre hits you with a cursed -2 giant club!
You are too injured to fight recklessly!
Casting: Corona (safe; 1% risk of failure)
Confirm with . or Enter, or press ? or * to list all spells.
You miscast Cause Fear.
You are very lightly contaminated with residual magic.
Nothing appears to happen.
The ogre hits you with a cursed -2 giant club!
* * * LOW HITPOINT WARNING * * *
Casting: Cause Fear (safe; 12% risk of failure)
Confirm with . or Enter, or press ? or * to list all spells.
The ogre resists with almost no effort.
You are near starving!
Casting: Cause Fear (safe; 12% risk of failure)
Confirm with . or Enter, or press ? or * to list all spells.
The ogre resists with almost no effort.
The ogre hits you with a cursed -2 giant club!
You die...

# ### ## .## #
..# ##.#
#..#.. #.#
..##...##....#
#.####
.............#
#.<#..
.......O.....#
##....#
#@.....#
#..zz.#
###....#
#.....# #..#
#.......
..##.....##.
...%..## #
.....## .....
#####


You could see an ogre.

Vanquished Creatures
  2 ogres (D:5)
  A scorpion (D:5)
  3 wights
  2 howler monkeys
  A crimson imp (D:5)
  An orc priest (D:3)
  A jelly (D:5)
  2 hounds
  Ijyb (D:3)
  4 worker ants
  A hound skeleton (D:4)
  7 gnolls (D:4)
  9 adders
  An ooze (D:1)
  2 worms (D:3)
  4 dart slugs
  3 leopard geckos
  4 orcs
  7 giant cockroaches
  2 hobgoblins (D:1)
  9 jackals
  10 bats
  4 frilled lizards
  9 goblins
  7 kobolds
  7 rats
104 creatures vanquished.

Notes
Turn   | Place    | Note
-------+----------+-------------------------------------------
     0 | D:1      | night the Formicid Arcane Marksman began the quest for the
                  | Orb.
     0 | D:1      | Reached XP level 1. HP: 15/15 MP: 2/2
   334 | D:1      | Reached XP level 2. HP: 19/21 MP: 4/4
   352 | D:1      | Learned a level 2 spell: Slow
   532 | D:1      | Reached skill level 4 in Hexes
   532 | D:1      | Reached XP level 3. HP: 26/26 MP: 5/5
  1106 | D:2      | Found an opulent altar of Gozag.
  1519 | D:2      | Reached XP level 4. HP: 32/32 MP: 7/7
  1694 | D:2      | Learned a level 4 spell: Cause Fear
  2281 | D:3      | Reached XP level 5. HP: 37/37 MP: 8/8
  2327 | D:3      | Noticed Ijyb
  2350 | D:3      | Killed Ijyb
  2350 | D:3      | Reached skill level 5 in Hexes
  2882 | D:3      | Found a runed translucent gate.
  2883 | D:3      | Noticed Frank's ghost (amateur OpFi)
  2883 | D:3      | Identified the cursed +3 hand axe of Honosil {flame, rPois
                  | rF- Str+4}
  2883 | D:3      | Identified the cursed +0 ring mail "Xeczuqet" {rPois
                  | Regen+}
  2884 | D:3      | Found a runed translucent gate.
  2885 | D:3      | Found a runed translucent gate.
  2886 | D:3      | Found a roughly hewn altar of Beogh.
  2895 | D:3      | Reached XP level 6. HP: 43/43 MP: 8/10
  3404 | D:4      | Reached skill level 6 in Hexes
  3837 | D:4      | Reached XP level 7. HP: 48/48 MP: 12/12
  4390 | D:5      | Entered Level 5 of the Dungeon
  4410 | D:5      | Learned a level 3 spell: Inner Flame
  4414 | D:5      | Learned a level 3 spell: Portal Projectile
  4553 | D:5      | Reached skill level 7 in Hexes
  4782 | D:5      | Reached XP level 8. HP: 37/54 MP: 14/14
  5035 | D:5      | Reached skill level 8 in Hexes
  5121 | D:5      | HP: 2/54 [wight/cursed +0 mace (4)]
  5568 | D:6      | Slain by an ogre

Skill      XL: |  1  2  3  4  5  6  7  8 |
---------------+-------------------------+-----
Hexes          | 4 5 6 7 8 |  8.3
Spellcasting   | 2 3 4 |  4.5
Crossbows      | 3 4 |  4.9
Fighting       | |  1.5
Axes           | |  0.2
Dodging        | |  1.7

Action                   |  1- 3 |  4- 6 |  7- 9 || total
-------------------------+-------+-------+-------++-------
Melee: Dagger            |    13 |       |       ||    13
       Short sword       |   106 |    15 |       ||   121
       Rapier            |       |    74 |     9 ||    83
       Battleaxe         |       |       |     6 ||     6
 Fire: Hand crossbow     |    25 |   112 |    85 ||   222
 Cast: Slow              |     1 |     2 |     2 ||     5
       Corona            |     1 |     6 |     6 ||    13
       Cause Fear        |       |     1 |     2 ||     3
       Portal Projectile |       |       |     2 ||     2
 Abil: Dig               |     1 |     2 |     3 ||     6
Evoke: Wand              |       |       |     2 ||     2
  Use: Potion            |       |     2 |     1 ||     3
       Scroll            |       |       |     9 ||     9
  Eat: Chunk             |     2 |     8 |     5 ||    15
Armor: Ring mail         |    69 |    67 |    15 ||   151
Dodge: Dodged            |    91 |   126 |    69 ||   286
